 Dungeon Crawl Stone Soup version 0.31-a0-691-g409c26aa35 (webtiles) character file.

Game seed: 10356688701288225884

8 cforsyth the Trooper (level 2, 0/25 HPs)
             Began as a Djinni Chaos Knight on Sept 7, 2023.
             Was a Plaything of Xom.
             Slain by a river rat (11 damage)
             ... on level 1 of the Dungeon.
             The game lasted 00:00:40 (237 turns).

cforsyth the Trooper (Djinni Chaos Knight)           Turns: 237, Time: 00:00:41

Health: 0/25       AC:  5    Str: 11    XL:     2   Next: 15%
Gold:   20         EV: 11    Int: 13    God:    Xom [.*....] SH:  0 Dex: 12

rFire   + + .        a - +0 falchion (chaos)
rCold   x . .        (no shield)
rNeg    . . .        b - +2 leather armour
rPois   ∞            (no helmet)
rElec   .            (no cloak)
rCorr   .            (no gloves)
SInv    .            (boots unavailable)
Will    .....        (no amulet)
Stlth   +            (no ring)
HPRegen 0.24/turn    (no ring)
MPRegen 0.00/turn

%: infuse magic (-1 HP)
@: flying
A: sickness immunity, fire resistance 2, cold vulnerability 1, float, innate
caster, HP casting, extra vitality 1
a: Renounce Religion


You were on level 1 of the Dungeon.
You worshipped Xom.
You were a plaything of Xom.
You visited 1 branch of the dungeon, and saw 1 of its levels.

You collected 20 gold pieces.

Inventory:

Hand Weapons
 a - a +0 falchion of chaos (weapon)
Armour
 b - a +2 leather armour (worn)
Scrolls
 c - a scroll of butterflies
 d - a scroll of enchant armour {unknown}
 e - a scroll of vulnerability {unknown}


   Skills:
 + Level 3.2 Fighting
 - Level 2.6 Long Blades
 - Level 1.0 Armour
 - Level 2.1 Dodging
 + Level 0.5 Spellcasting
 + Level 0.5 Conjurations
 + Level 0.5 Hexes
 + Level 0.5 Summonings
 + Level 0.5 Necromancy
 + Level 0.5 Translocations
 + Level 0.5 Transmutations
 + Level 0.5 Fire Magic
 + Level 0.5 Ice Magic
 + Level 0.5 Air Magic
 + Level 0.5 Earth Magic
 + Level 0.5 Poison Magic You didn't know any spells. Your spell library was empty.

Dungeon Overview and Level Annotations

Branches:
Dungeon (1/15)

Altars:


Innate Abilities, Weirdness & Mutations

You are immune to sickness and miasma.
You are immune to poison.
Your flesh is very heat resistant. (rF++)
You are vulnerable to cold. (rC-)
You float through the air rather than walking.
You learn spells naturally, not from books.
Your magical power is your life essence.
You have superior vitality. (+4 MHP)


Message History

A ball python comes into view.
There are monsters nearby!
There are monsters nearby!
You see here a lumpy green potion.
The ball python bites you but does no damage.
The ball python grabs you. The ball python constricts you.
The hobgoblin barely misses you.
You barely miss the ball python.
The ball python bites you but does no damage.
The ball python constricts you. The hobgoblin closely misses you.
You closely miss the ball python.
You hear Xom's avuncular chuckle.
The river rat loses its grip on you.
The ball python evaporates and reforms as a river rat!
The hobgoblin hits you but does no damage.
The river rat bites you but does no damage.
You closely miss the river rat. The hobgoblin misses you.
The river rat bites you.
You barely miss the river rat.
The hobgoblin hits you but does no damage.
The river rat bites you.
You barely miss the river rat. The hobgoblin barely misses you.
The river rat bites you.
You closely miss the river rat. The hobgoblin barely misses you.
The river rat closely misses you.
You hit the river rat but do no damage.
The river rat seems to grow stronger.
The hobgoblin hits you but does no damage.
The river rat misses you. The hobgoblin closely misses you.
The river rat closely misses you.
You closely miss the river rat. The hobgoblin barely misses you.
The river rat misses you.
You barely miss the river rat. The hobgoblin closely misses you.
The river rat barely misses you.
You hit the river rat but do no damage.
The hobgoblin hits you but does no damage.
The river rat bites you!
You emit a cloud of colourful smoke!
You closely miss the river rat. The hobgoblin hits you.
The river rat bites you!
You die...

#.........#
#.........#
#.........#
#.........#
#.........#
#.........#
+....rg...+
####.....@...#
+........§...+
#........!..$#
#..........###
#..........##
#...........+
#..........##
#..........#
#......†...#


You could see a river rat (strong) and a hobgoblin.

Vanquished Creatures
  2 endoplasms (D:1)
  A hobgoblin (D:1)
  2 jackals (D:1)
  2 bats (D:1)
7 creatures vanquished.

Notes
Turn   | Place    | Note
-------+----------+-------------------------------------------
     0 | D:1      | cforsyth the Djinni Chaos Knight began the quest for the
                  | Orb.
     0 | D:1      | Reached XP level 1. HP: 20/20 MP: 0/0
   179 | D:1      | Reached XP level 2. HP: 17/25 MP: 0/0
   228 | D:1      | XOM: polymorph ball python -> river rat
   236 | D:1      | XOM: smoke on damage
   237 | D:1      | Slain by a river rat

Illustrated notes

Levels and vault maps discovered:
D:1:      orjb1_lava_funnel, layout_basic, dreamdust_ecumenical_altar_statues

Action                     || total
---------------------------++-------
  Melee: Falchion          ||    36
 Armour: Leather armour    ||    42
  Dodge: Dodged            ||    38

Table legend: (Time is in decaauts)
 A = Elapsed time spent in this place.
 B = Non-inter-level travel time spent in this place.
 C = Inter-level travel time spent in this place.
 D = Time resting spent in this place.
 E = Time spent auto-exploring this place.
 F = Levels seen in this place.
 G = Mean time per level.
                   A        B        C        D        E       F      G
               +--------+--------+--------+--------+--------+-----+--------+
         Total |    242 |    242 |      0 |      0 |    148 |   1 |  242.0 |
       Dungeon |    242 |    242 |      0 |      0 |    148 |   1 |  242.0 |
               +--------+--------+--------+--------+--------+-----+--------+

Top non-repeatable levels by time:
     D:1: 242 daAuts
